AoeStats
← Chiripa605

Arena

507045678Analyzed
4v4 RM · 16d ago on Sep 16, 2026· 43m 46s· 8 players
Game mode
Random Map
Map size
Large (8 player)
Population
200
Speed
Normal
Resources
Standard
Victory
Conquest
Starting age
Dark Age
Ending age
Imperial Age
RankedLock teamsTeams togetherTeam positionsShared explorationLock speedFull tech treeHidden civsTurbo modeCheats
Victory
Defeat
🇨🇳 Mongols · China
1394
+8
🇨🇳 Ethiopians · China
1230
+14
🇯🇵 Spanish · Japan
1227
+15
🇨🇳 Franks · China
1163
+17
🇺🇸 Britons · United States
1271
-16
🇨🇳 Tatars · China
1236
-15
🇯🇵 Vikings · Japan
1154
-12
🇨🇳 Lithuanians · China
1135
-11
ababa
10:18 Feudal Age
14:08 Castle Age
12:26 Loom
14:09 Double-Bit Axe
14:28 Horse Collar
24:08 Bow Saw
26:55 Wheelbarrow
26:22 Heavy Plow
28:23 Hand Cart
29:48 Gold Mining
29:48 Stone Mining
35:02 Imperial Age
33:35 Scale Barding Armor
33:45 Forging
34:58 Chain Barding Armor
35:15 Bloodlines
35:06 Husbandry
36:15 Iron Casting
35:28 Cavalier
38:15 Plate Barding Armor
39:21 Blast Furnace
39:47 Two-Man Saw
40:39 Paladin
41:42 Conscription
42:08 Fletching
42:19 Padded Archer Armor
44:08 Bodkin Arrow
44:29 Leather Archer Armor
44:37 Ballistics
45:18 Chemistry
一把葱
10:43 Feudal Age
15:24 Castle Age
15:10 Double-Bit Axe
18:16 Bow Saw
23:31 Wheelbarrow
28:51 Imperial Age
27:57 Scale Barding Armor
28:02 Forging
28:22 Hand Cart
27:53 Loom
28:23 Town Watch
29:57 Chain Barding Armor
30:13 Iron Casting
29:09 Cavalier
29:57 Husbandry
31:13 Plate Barding Armor
30:42 Chivalry
30:23 Pikeman
31:04 Squires
30:46 Paladin
33:31 Blast Furnace
35:06 Conscription
36:15 Gold Mining
36:34 Stone Mining
40:03 Fortified Wall
40:14 Ballistics
40:05 Masonry
39:50 Fletching
41:09 Chemistry
40:06 Murder Holes
40:17 Siege Engineers
民办大A
11:18 Feudal Age
15:01 Castle Age
13:16 Double-Bit Axe
13:54 Loom
14:00 Fletching
16:15 Bodkin Arrow
22:34 Padded Archer Armor
22:47 Bow Saw
老k
10:24 Feudal Age
14:34 Castle Age
12:56 Double-Bit Axe
13:59 Horse Collar
14:58 Wheelbarrow
15:11 Loom
15:40 Bow Saw
21:29 Heavy Plow
25:24 Hand Cart
25:34 Gold Mining
25:40 Fletching
28:54 Imperial Age
26:51 Bodkin Arrow
27:22 Padded Archer Armor
28:37 Gold Shaft Mining
27:52 Town Watch
27:33 Crossbowman
28:36 Ballistics
28:38 Thumb Ring
29:36 Leather Archer Armor
30:00 Squires
29:47 Arson
29:23 Halberdier
29:26 Arbalester
30:07 Bracer
31:16 Chemistry
30:47 Conscription
31:03 Ring Archer Armor
30:35 Scale Mail Armor
31:19 Forging
31:48 Sappers
32:48 Chain Mail Armor
33:08 Iron Casting
34:02 Plate Mail Armor
33:39 Royal Heirs
35:49 Blast Furnace
37:09 Torsion Engines
36:29 Elite Shotel Warrior
38:04 Capped Ram
40:12 Siege Ram
42:24 Guilds
Chiripa605
10:24 Feudal Age
14:44 Castle Age
12:56 Double-Bit Axe
15:43 Loom
16:21 Bow Saw
16:20 Horse Collar
17:47 Town Watch
19:30 Fletching
20:31 Bodkin Arrow
20:46 Crossbowman
23:18 Wheelbarrow
24:04 Ballistics
24:30 Padded Archer Armor
26:15 Leather Archer Armor
26:20 Gold Mining
27:43 Heavy Plow
32:35 Imperial Age
32:07 Stone Mining
33:02 Hand Cart
33:20 Bracer
32:43 Arbalester
34:43 Chemistry
34:09 Elite Skirmisher
35:21 Ring Archer Armor
38:52 Conscription
41:41 Yeomen
168kcal
11:59 Feudal Age
13:59 Double-Bit Axe
14:01 Horse Collar
16:33 Castle Age
15:15 Stone Mining
17:47 Bow Saw
17:40 Heavy Plow
18:16 Loom
21:59 Fortified Wall
27:26 Gold Mining
30:37 Imperial Age
27:53 Town Watch
30:24 Scale Barding Armor
30:19 Scale Mail Armor
30:30 Forging
30:42 Cavalier
31:43 Chain Barding Armor
32:00 Crop Rotation
32:06 Gold Shaft Mining
31:42 Town Patrol
32:13 Conscription
31:36 Pikeman
32:17 Squires
32:02 Arson
33:37 Iron Casting
32:32 Capped Ram
33:51 Siege Ram
35:13 Chieftains
37:16 Blast Furnace
36:32 Chain Mail Armor
36:49 Gambesons
36:27 Elite Berserk
41:39 Plate Mail Armor
40:42 Light Cavalry
布凡
8:18 Loom
10:29 Feudal Age
15:24 Castle Age
13:33 Double-Bit Axe
14:27 Horse Collar
16:03 Pikeman
17:10 Bow Saw
20:30 Bloodlines
20:35 Fletching
21:21 Town Watch
21:02 Elite Skirmisher
23:00 Padded Archer Armor
24:23 Ballistics
25:41 Squires
25:38 Bodkin Arrow
28:13 Heavy Plow
31:08 Wheelbarrow
36:15 Imperial Age
34:10 Leather Archer Armor
33:38 Treadmill Crane
35:13 Hand Cart
36:21 Scale Barding Armor
36:19 Husbandry
36:39 Stone Mining
37:16 Elite Leitis
38:08 Forging
38:52 Conscription
38:55 Chain Barding Armor
40:03 Hoardings
40:45 Iron Casting
40:46 Plate Barding Armor
41:11 Bracer
42:05 Masonry
-XJL-寒冰
11:11 Feudal Age
12:58 Loom
15:34 Castle Age
14:08 Double-Bit Axe
14:04 Horse Collar
14:18 Gold Mining
17:38 Bow Saw
19:59 Stone Mining
22:41 Fletching
24:11 Bodkin Arrow
31:36 Gold Shaft Mining
34:26 Wheelbarrow
45:28 Imperial Age
Connection lost

Rejoining the realm…

Still unreachable

The connection could not be restored.

Session expired

The server has moved on; the page needs a fresh start.